 Dungeon Crawl Stone Soup version 0.29-a0-1052-g6990b1bffc (webtiles) character file.

Game seed: 6112048630719671870

162 ragingrage the Chopper (level 5, -2/44 (45) HPs)
             Began as a Minotaur Delver on Aug 17, 2022.
             Slain by an ogre
             ... wielding a +0 giant club
              (23 damage)
             ... on level 5 of the Dungeon.
             The game lasted 00:01:03 (921 turns).

ragingrage the Chopper (Minotaur Delver)             Turns: 921, Time: 00:01:03

HP:   -2/44 (45)    AC:  4    Str: 18    XL:     5   Next: 19%
MP:   4/4           EV: 12    Int:  7    God:
Gold: 52            SH:  0    Dex: 12    Spells: 4/4 levels left

rFire   . . .      SeeInvis .   a - +0 hand axe
rCold   . . .      Faith    .   (no shield)
rNeg    . . .      Spirit   .   b - +1 leather armour
rPois   .          Reflect  .   (helmet restricted)
rElec   .          Harm     .   (no cloak)
rCorr   .          Rampage  .   (no gloves)
Will    .....                   (no boots)
Stlth   ++........              i - amulet of the acrobat
HPRegen 0.14/turn               (no ring)
MPRegen 0.09/turn               (no ring)

@: lightly drained
A: horns 2, retaliatory headbutt
a: no special abilities


You were on level 5 of the Dungeon.
You visited 1 branch of the dungeon, and saw 2 of its levels.

You collected 52 gold pieces.

Inventory:

Hand Weapons
 a - a +0 hand axe (weapon)
Armour
 b - a +1 leather armour (worn)
Jewellery
 i - an amulet of the acrobat (around neck)
Wands
 g - a wand of digging (3)
Scrolls
 c - a scroll of fog
 d - a scroll of magic mapping


   Skills:
 - Level 3.6 Fighting
 + Level 6.6 Axes
 - Level 2.1 Dodging
 - Level 4.1 Stealth


You had 4 spell levels left.
You didn't know any spells.
Your spell library was empty.

Dungeon Overview and Level Annotations

Branches:
Dungeon (6/15)
 Temple: D:4-7

Altars:


Innate Abilities, Weirdness & Mutations

You have a pair of horns on your head.
You reflexively headbutt those who attack you in melee.


Message History

You hit the necrophage.
The necrophage is lightly damaged.
The necrophage closely misses you.
The ogre shouts!
You hit the necrophage.
The necrophage is moderately damaged.
The necrophage hits you!
You aren't carrying any potions.
You hit the necrophage. Your headbutt misses the necrophage.
The necrophage is moderately damaged.
The necrophage hits you but does no damage.
As you read the scroll labelled TODDITH TYCRIUJEU, it crumbles to dust.
It is a scroll of enchant armour.
Your +0 leather armour glows green for a moment.
The necrophage hits you.
You feel drained.
Unknown command.
As you read the scroll of fear, it crumbles to dust.
You assume a fearsome visage.
The ogre easily resists.
The necrophage is unaffected.
The necrophage completely misses you.
Okay, then.
The ogre misses you.
The necrophage attacks as you move away!
The necrophage misses you. You furiously retaliate!
You headbutt the necrophage. You hit the ogre.
The ogre is lightly wounded.
The ogre closely misses you.
You completely miss the ogre.
The ogre is lightly wounded.
The ogre hits you with a +0 giant club!
You hit the ogre.
The ogre is moderately wounded.
You hit the ogre.
The ogre is moderately wounded.
The ogre completely misses you.
You hit the ogre.
The ogre is heavily wounded.
The ogre hits you with a +0 giant club!!
Ouch! That really hurt!
You die...

#..#
##.#
#.#
#.#
#>#
#.#
#.#
#.#
#@#
#O#
#n#
#.##
#..##
##..#
##.#
#.#
#.#


You could see an ogre and a necrophage.

Vanquished Creatures
  A bullfrog (D:6)
  An orc priest (D:5)
  A hound (D:6)
  An orc wizard (D:6)
  A white imp (D:6)
  A worm (D:5)
  3 orcs (D:6)
9 creatures vanquished.

Notes
Turn   | Place    | Note
-------+----------+-------------------------------------------
     0 | D:5      | ragingrage the Minotaur Delver began the quest for the Orb.
     0 | D:5      | Reached XP level 1. HP: 19/19 MP: 0/0
     6 | D:5      | Noticed an iguana
    89 | D:6      | Noticed a hound
    99 | D:6      | Noticed a black bear
   101 | D:6      | Killed a hound
   102 | D:6      | Reached skill level 4 in Axes
   102 | D:6      | Reached XP level 2. HP: 13/26 MP: 1/1
   102 | D:6      | Reached XP level 3. HP: 16/31 MP: 2/2
   478 | D:6      | Noticed a bullfrog
   491 | D:6      | Killed a bullfrog
   492 | D:6      | Reached skill level 5 in Axes
   492 | D:6      | Reached XP level 4. HP: 28/39 MP: 3/3
   585 | D:5      | Reached skill level 6 in Axes
   595 | D:6      | Reached XP level 5. HP: 27/45 MP: 4/4
   903 | D:5      | Noticed an ogre
   921 | D:5      | Slain by an ogre

Illustrated notes

Levels and vault maps discovered:
D:5:      cheibrodos_thug_alley, layout_basic, uniq_blork_the_orc
D:6:      layout_basic, minmay_stone_trees_small, grunt_ministairs_15

Skill      XL: |  1  2  3  4 |
---------------+-------------+-----
Axes           | 4 5 6 |  6.6
Fighting       | |  3.6
Dodging        | |  2.1
Stealth        | |  4.1

Action                   |  1- 3 |  4- 6 || total
-------------------------+-------+-------++-------
Melee: Hand axe          |    21 |    17 ||    38
       Headbutt          |     6 |     3 ||     9
  Use: Potion            |       |     2 ||     2
       Scroll            |       |     2 ||     2
Armor: Leather armour    |     4 |     2 ||     6
       Skin              |       |     5 ||     5
Dodge: Dodged            |     9 |    14 ||    23

Table legend: (Time is in decaauts)
 A = Elapsed time spent in this place.
 B = Non-inter-level travel time spent in this place.
 C = Inter-level travel time spent in this place.
 D = Time resting spent in this place.
 E = Time spent auto-exploring this place.
 F = Levels seen in this place.
 G = Mean time per level.
                   A        B        C        D        E       F      G
               +--------+--------+--------+--------+--------+-----+--------+
         Total |    904 |    904 |      0 |    645 |     94 |   2 |  452.0 |
       Dungeon |    904 |    904 |      0 |    645 |     94 |   2 |  452.0 |
               +--------+--------+--------+--------+--------+-----+--------+

Top non-repeatable levels by time:
     D:6: 784 daAuts
     D:5: 120 daAuts
